 Dungeon Crawl Stone Soup version 0.19.5 (webtiles) character file.

1353 Barra the Cleaver (level 8, -1/71 HPs)
             Began as a Minotaur Berserker on Mar 30, 2017.
             Was a Priest of Trog.
             Slain by an ogre
             ... wielding a cursed -2 giant club
              (26 damage)
             ... on level 6 of the Dungeon.
             The game lasted 00:08:48 (3649 turns).

Barra the Cleaver (Minotaur Berserker)              Turns: 3649, Time: 00:08:49

Health: -1/71      AC: 11    Str: 23    XL:     8   Next: 36%
Magic:  7/7        EV:  9    Int:  4    God:    Trog [***...]
Gold:   103        SH:  0    Dex: 11    Spells: 0 memorised, 7 levels left

rFire  . . .     SeeInvis .     a - +0 hand axe
rCold  + . .     Gourm    .     d - +1 chain mail
rNeg   . . .     Faith    .     (no shield)
rPois  .         Spirit   .     (helmet restricted)
rElec  .         Reflect  .     (no cloak)
rCorr  .         Harm     .     (no gloves)
MR     .....                    (no boots)
Stlth  ..........               (no amulet)
                                (no ring)
                                g - ring of protection from cold

@: no status effects
A: retaliatory headbutt, horns 2
a: Berserk, Trog's Hand, Burn Spellbooks, Renounce Religion


You were on level 6 of the Dungeon.
You worshipped Trog.
Trog was most pleased with you.
You were very hungry.

You visited 1 branch of the dungeon, and saw 6 of its levels.

You collected 272 gold pieces.
You spent 169 gold pieces at shops.

Inventory:

Hand Weapons
 a - a +0 hand axe (weapon)
Armour
 d - a +1 chain mail (worn)
Jewellery
 g - a ring of protection from cold (left hand)
Scrolls
 e - 5 scrolls of identify
 j - 2 scrolls of teleportation
 k - a scroll of fear
 l - 2 scrolls of recharging
 n - 2 scrolls of remove curse
 o - a scroll of magic mapping
 q - a scroll of blinking {unknown}
Potions
 i - a potion of curing
 m - a potion of haste
 p - 2 potions of flight
Books
 h - the Reference Book on Flames and Transmutation
   (You found it on level 5 of the Dungeon)

   Spells                             Type                      Level
   a - Throw Flame                    Conjuration/Fire             2
   b - Sticks to Snakes               Transmutation                2
   c - Yara's Violent Unravelling     Hexes/Transmutation          5
   d - Alistair's Intoxication        Transmutation/Poison         5
   e - Statue Form                    Transmutation/Earth          6
   Trog disapproves of the use of such an item.
Comestibles
 b - 2 fruits
 c - 6 bread rations
 f - a slice of pizza


   Skills:
 + Level 6.7 Fighting
 + Level 8.7 Axes
 + Level 7.0 Armour
 + Level 3.6 Dodging
 - Level 0.5 Stealth


You had 7 spell levels left.
You didn't know any spells.

Dungeon Overview and Level Annotations

Branches:
Dungeon (6/15)
 Temple: D:4-7

Altars:

Shops:
D:5 ?


Innate Abilities, Weirdness & Mutations

You reflexively headbutt those who attack you in melee.
You have a pair of horns on your head.


Message History

The ogre hits you with a giant club!!
You slash the ogre!
The ogre is heavily wounded.
Your chain mail prevents you from hitting the ogre.
The ogre is heavily wounded.
The ogre barely misses you.
Your chain mail prevents you from hitting the ogre.
The ogre is heavily wounded.
The ogre hits you with a giant club.
Your chain mail prevents you from hitting the ogre.
You headbutt the ogre!
The ogre is almost dead.
You hit the ogre.
The ogre is almost dead.
The ogre misses you.
You barely miss the ogre.
You headbutt the ogre, but do no damage.
The ogre is almost dead.
The ogre hits you with a giant club!!
You die...

... #..# #..##
###...## ...... #
#...
#.##.##..########
#........@O......
#.#####..########
#........#
########.# #.######
# #......# .
.###.####.# .
....####.#######
##.##..##..........


You could see an ogre.

Vanquished Creatures
  An ice beast (D:5)
  An ogre (D:6)
  A sky beast (D:5)
  A centaur (D:5)
  2 phantoms
  2 water moccasin zombies
  A scorpion (D:5)
  A crimson imp (D:5)
  A bullfrog zombie (D:5)
  5 hounds
  A bullfrog skeleton (D:5)
  A quasit (D:6)
  An iguana (D:5)
  A centaur skeleton (D:4)
  Ijyb (D:2)
  2 worker ants
  A hound zombie (D:5)
  7 gnolls
  12 adders
  An ooze (D:2)
  A worm (D:2)
  5 dart slugs
  2 leopard geckos
  3 orcs (D:5)
  7 bats
  3 giant cockroaches
  3 hobgoblins (D:1)
  3 ball pythons
  10 frilled lizards
  5 goblins
  4 kobolds (D:1)
  9 rats
99 creatures vanquished.

Notes
Turn   | Place    | Note
-------+----------+-------------------------------------------
     0 | D:1      | Barra the Minotaur Berserker began the quest for the Orb.
     0 | D:1      | Reached XP level 1. HP: 19/19 MP: 0/0
   176 | D:1      | Reached XP level 2. HP: 27/27 MP: 1/1
   390 | D:1      | Reached skill level 4 in Axes
   970 | D:2      | Reached XP level 3. HP: 27/33 MP: 2/2
  1141 | D:2      | Reached ** piety under Trog
  1173 | D:2      | Reached XP level 4. HP: 34/40 MP: 3/3
  1339 | D:2      | Reached skill level 5 in Axes
  1666 | D:2      | Noticed Ijyb
  1675 | D:2      | Killed Ijyb
  1675 | D:2      | Reached XP level 5. HP: 47/47 MP: 4/4
  2014 | D:2      | You fall through a shaft for 2 floors!
  2319 | D:4      | Noticed a phantom
  2328 | D:4      | Reached skill level 6 in Axes
  2328 | D:4      | Reached XP level 6. HP: 37/55 MP: 5/5
  2368 | D:4      | Reached skill level 5 in Fighting
  2732 | D:4      | Reached skill level 5 in Armour
  2928 | D:5      | Entered Level 5 of the Dungeon
  2934 | D:5      | Reached XP level 7. HP: 51/61 MP: 6/6
  3031 | D:5      | Reached skill level 7 in Axes
  3334 | D:5      | Reached *** piety under Trog
  3399 | D:5      | Found Waaqeed's Magic Scroll Boutique.
  3402 | D:5      | Bought a scroll of identify for 26 gold pieces
  3402 | D:5      | Bought 3 scrolls of identify for 78 gold pieces
  3402 | D:5      | Bought a scroll of remove curse for 39 gold pieces
  3402 | D:5      | Bought a scroll of identify for 26 gold pieces
  3447 | D:5      | Reached skill level 8 in Axes
  3447 | D:5      | Reached XP level 8. HP: 60/70 MP: 7/7
  3469 | D:5      | Identified the Reference Book on Flames and Transmutation
  3649 | D:6      | Slain by an ogre

Skill      XL: |  1  2  3  4  5  6  7  8 |
---------------+-------------------------+-----
Fighting       | 4 5 6 |  6.7
Axes           | 4 5 6 8 |  8.7
Armour         | 3 4 5 6 7 |  7.0
Dodging        | 3 |  3.6
Stealth        | |  0.5

Action                   |  1- 3 |  4- 6 |  7- 9 || total
-------------------------+-------+-------+-------++-------
Melee: Hand axe          |    88 |   118 |   135 ||   341
       Headbutt          |     9 |    19 |    29 ||    57
Invok: Berserk           |       |     1 |     1 ||     2
       Trog's Hand       |       |     1 |       ||     1
  Use: Scroll            |     2 |       |     9 ||    11
 Stab: Sleeping          |     1 |       |       ||     1
  Eat: Chunk             |       |     7 |     3 ||    10
Armor: Animal skin       |     4 |       |       ||     4
       Chain mail        |    35 |    56 |    76 ||   167
Dodge: Dodged            |    37 |    57 |    64 ||   158
